[Event "*** MasterClass Titled Tuesday Blitz"]
[Site "Chess.com"]
[Date "2017.12.12"]
[Round "5"]
[White "dusanacns"]
[Black "Big_Fishy"]
[Result "0-1"]
[WhiteElo "2577"]
[BlackElo "2364"]
[TimeControl "180+2"]
[EndTime "14:07:27 PST"]
[Termination "Big_Fishy won by resignation"]

1. d4 Nf6 2. Bf4 c5 3. e3 Qb6 4. Na3 cxd4 5. exd4 d5 6. Nb5 Na6 7. c3 Bd7 8. a4 g6 9. Be2 Bg7 10. h3 O-O 11. Nf3 Ne4 12. O-O Bxb5 13. axb5 Nc7 14.
Qa4 Nd6 15. Qb4 Ncxb5 16. Bxb5 Nxb5 17. Qxe7 Rfe8 18. Qh4 Nd6 19. Bxd6 Qxd6 20. Rfe1 a6 21. Qg5 h6 22. Qd2 Re4 23. Nh2 Rae8 24. Nf1 Qb6 25.
Rxe4 dxe4 26. Ne3 f5 27. Re1 Qb3 28. d5 f4 29. Ng4 h5 30. Nh2 Bh6 31. d6 e3 32.
fxe3 fxe3 33. Qd3 Qf7 34. Nf3 Bf4 35. c4 b6 36. b4 Qf5 37. Qd4 Re4 38. Qd3 Re6 39.
Qxf5 gxf5 40. c5 bxc5 41. bxc5 Kf7 42. Nd4 Re5 43. Nb3 Rd5 44. Kf1 Rd3 45. Na5 Bg3 46. Rc1 Rd2 47. c6 e2+ 48. Kg1 Rd1+ 0-1

[Event "*** MasterClass Titled Tuesday Blitz"]
[Site "Chess.com"]
[Date "2017.12.12"]
[Round "5"]
[White "Winehouse83"]
[Black "filali-oujda"]
[Result "0-1"]
[WhiteElo "2428"]
[BlackElo "2370"]
[TimeControl "180+2"]
[EndTime "14:07:31 PST"]
[Termination "filali-oujda won by resignation"]

1. d4 c6 2. c4 d5 3. Nf3 Nf6 4.
e3 a6 5. Nbd2 Bf5 6. c5 Nbd7 7.
Qb3 Qc7 8. Bd3 Bxd3 9. Qxd3 e5 10. Qf5 e4 11. Ng1 g6 12. Qh3 b6 13. cxb6 Qxb6 14. Ne2 Bd6 15. O-O h5 16. f4 Ng4 17.
Nc3 f5 18. Qg3 h4 19. Qe1 h3 20. g3 Ndf6 21. Nb3 a5 22. Na4 Qb5 23. Nc3 Qc4 24.
Nd2 Qd3 25. Ndb1 c5 26. Ne2 Nxe3 27. Bxe3 Qxe3+ 28. Qf2 Ng4 29. Qxe3 Nxe3 30. Rc1 c4 31. Nbc3 Rb8 32. Rab1 Kd7 33. Kf2 Ng4+ 34. Kg1 Ke6 35. Nd1 Rb4 36. Nf2 Nf6 37. Nc3 Rhb8 38. Rc2 Bc7 39.
Nxh3 Bb6 40. Ng5+ Ke7 41. Ne2 a4 42. Kf2 Ng4+ 43. Kg1 Ne3 44. Rd2 Ba7 45. Nc3 a3 46. b3 cxb3 47. axb3 Rxb3 48. Rxb3 Rxb3 49. Na4 Rb4 50.
Nc3 Bxd4 51. Rxd4 Rxd4 52. Kf2 Nd1+ 53. Nxd1 a2 0-1

[Event "*** MasterClass Titled Tuesday Blitz"]
[Site "Chess.com"]
[Date "2017.12.12"]
[Round "5"]
[White "cheese111"]
[Black "NewBornNow"]
[Result "0-1"]
[WhiteElo "2417"]
[BlackElo "2588"]
[TimeControl "180+2"]
[EndTime "14:07:38 PST"]
[Termination "NewBornNow won by resignation"]

1. e4 c6 2. d4 d5 3. e5 Bf5 4.
g4 Be4 5. f3 Bg6 6. e6 Qd6 7.
exf7+ Bxf7 8. f4 c5 9. Nc3 cxd4 10. Nb5 Qd7 11. Nxd4 Nc6 12. Be3 Nf6 13. Bh3 e6 14.
Ngf3 Bd6 15. O-O O-O 16. c3 Ne4 17. Nd2 Bg6 18. g5 Nxd4 19. cxd4 Nxd2 20. Qxd2 Bf5 21. Bg2 Rac8 22. Rac1 Qa4 23. a3 Qb3 24. Bf3 a6 25.
Rxc8 Rxc8 26. Rc1 Rxc1+ 27. Qxc1 Bc2 28. Kf2 Kf7 29. Bh5+ g6 30. Bf3 a5 31. Qd2 b6 32. h4 a4 33. Qc1 Be7 34. h5 gxh5 35. Bxh5+ Bg6 36. Bf3 b5 37. Bd1 Qc4 38. Qd2 Bd3 39. Qc1 Be4 40. Qd2 Bf5 41. Bh5+ Bg6 42. Be2 Qb3 43. Qc1 Bc2 44. Bh5+ Kg7 45. Bg4 Kf7 46.
Bh5+ Bg6 47. Bd1 Qc4 48. Be2 Bd3 49. Bh5+ Kf8 50. Bg4 Bf5 51. Be2 Bd3 52. Bg4 Kf7 53. Bh5+ Bg6 54. Be2 0-1

[Event "*** MasterClass Titled Tuesday Blitz"]
[Site "Chess.com"]
[Date "2017.12.12"]
[Round "5"]
[White "misha_chessone"]
[Black "kleinebeer98"]
[Result "0-1"]
[WhiteElo "2404"]
[BlackElo "2504"]
[TimeControl "180+2"]
[EndTime "14:07:41 PST"]
[Termination "kleinebeer98 won by resignation"]

1. e4 e5 2. Nf3 Nc6 3. Nc3 Nf6 4.
d4 exd4 5. Nxd4 Bb4 6. Nxc6 bxc6 7. Bd3 O-O 8. O-O Re8 9. Qf3 h6 10. h3 Bb7 11. Bf4 c5 12. Rfe1 d6 13. Rad1 Qc8 14.
Bxh6 Bxc3 15. bxc3 Nxe4 16. Bxe4 Bxe4 17. Rxe4 Rxe4 18.
Qxe4 gxh6 19. Rd3 Kh8 20. Rf3 Qe8 21. Qf4 Qe1+ 22. Kh2 Qe6 23. Qxf7 Qxf7 24. Rxf7 Rb8 25. Rxc7 Rb2 26. Rc6 Rxa2 27. Rxd6 Kg7 28. Rc6 Rxc2 29. Rxc5 Rxf2 30. Rc7+ Kg6 31. Rxa7 Rc2 32. Rc7 h5 33. Rc5 h4 34. Rc4 Kg5 35. Rg4+ Kh5 36. c4 Rc1 37. Rd4 Kg5 38. Rd5+ Kg6 39. c5 Kh6 40. Rd6+ Kg5 41. c6 Kh5 42. Re6 Kg5 43. Rd6 Kf5 44. g4+ Ke5 45. Rh6 Kf4 46. Rf6+ Ke5 47.
Rf5+ Ke4 48. Rf6 Ke5 49. Rf2 Rxc6 50. Kg2 Ke4 51. Re2+ Kf4 52. Ra2 Rc4 53. Rd2 Ra4 54.
Rf2+ Ke3 55. Rf3+ Ke4 56. Rf8 Ra2+ 57. Rf2 Ra3 58. Re2+ Kf4 59. Rf2+ Ke4 60. Rc2 0-1

[Event "*** MasterClass Titled Tuesday Blitz"]
[Site "Chess.com"]
[Date "2017.12.12"]
[Round "5"]
[White "GeorgMeier"]
[Black "JoachimBN"]
[Result "1-0"]
[WhiteElo "2786"]
[BlackElo "2578"]
[TimeControl "180+2"]
[EndTime "14:07:47 PST"]
[Termination "GeorgMeier won by checkmate"]

1. Nf3 c5 2. g3 b6 3. Bg2 Bb7 4. c4 g6 5. Nc3 Bg7 6. b3 Nf6 7.
Bb2 O-O 8. O-O Nc6 9. Rc1 Rc8 10. d4 cxd4 11. Nxd4 Ba8 12. Nc2 d6 13. Qd2 Ne5 14. e4 Ned7 15. Nb4 Nc5 16. Rfe1 Re8 17. Rcd1 Bb7 18.
Ncd5 a5 19. Nxf6+ Bxf6 20. Bxf6 exf6 21. Nd5 Kg7 22. Nc3 Qe7 23. Qxd6 Qxd6 24. Rxd6 Re6 25. Red1 Kf8 26. Bh3 Rxd6 27. Rxd6 Rc6 28. Rxc6 Bxc6 29.
f3 Ke7 30. Kf2 h5 31. Ke3 Kd6 32. Kd4 Ne6+ 33. Bxe6 fxe6 34. c5+ bxc5+ 35. Kc4 f5 36. exf5 gxf5 37. f4 Bg2 38. Kb5 Bc6+ 39. Kxa5 e5 40.
fxe5+ Kxe5 41. Kb6 Bf3 42. Kxc5 f4 43. b4 Ba8 44. gxf4+ Kxf4 45. b5 Kf3 46. a4 h4 47.
a5 Kg2 48. a6 Kxh2 49. b6 Kg2 50. b7 Bxb7 51. axb7 h3 52. b8=Q h2 53. Qg8+ Kf1 54.
Qf7+ Kg1 55. Qg6+ Kf1 56. Qf5+ Kg2 57. Qg4+ Kf1 58. Qf3+ Kg1 59. Ne2# 1-0

[Event "*** MasterClass Titled Tuesday Blitz"]
[Site "Chess.com"]
[Date "2017.12.12"]
[Round "5"]
[White "inegrepus"]
[Black "TST2014"]
[Result "0-1"]
[WhiteElo "2041"]
[BlackElo "2264"]
[TimeControl "180+2"]
[EndTime "14:07:49 PST"]
[Termination "TST2014 won by checkmate"]

1. d4 Nf6 2. c4 g6 3. Nc3 Bg7 4. e4 O-O 5. Be3 d6 6. f3 e5 7. d5 Nh5 8. Qd2 f5 9. O-O-O a5 10. Bd3 Na6 11. Nge2 Nc5 12. Kb1 a4 13. Bc2 a3 14. b3 Na6 15. Nc1 Nb4 16. Nd3 Nxd3 17. Bxd3 Nf4 18. c5 fxe4 19. fxe4 Bg4 20. Rc1 Bh6 21. Rhe1 Nxd3 22. Qxd3 Bxe3 23. Qxe3 Qh4 24. h3 Bd7 25. Rf1 Rf4 26. Rf3 Rxf3 27. Qxf3 Rf8 28. Qe3 Qf2 29. Qxf2 Rxf2 30. Rc2 Rf1+ 31. Rc1 Rxc1+ 32.
Kxc1 dxc5 33. Kd2 b5 34. Nb1 b4 35. Ke3 Kf7 36. Nd2 Bb5 37. g3 Ke7 38. Nf3 Kd6 39. Kd2 c4 40. Kc2 c5 41. Nd2 cxb3+ 42. Kxb3 Bd3 43. Ka4 Bc2+ 44. Kb5 Bd3+ 45. Ka4 Kc7 46. Kb3 Kb6 47. Nc4+ Bxc4+ 48. Kxc4 g5 49. h4 g4 50. h5 h6 51. Kb3 Kb5 52. Kc2 c4 53. Kb1 b3 54. Ka1 Kc5 55. Kb1 c3 56. axb3 Kb5 57. b4 Kxb4 58. d6 Kb3 59. d7 a2+ 60. Ka1 c2 61. d8=Q c1=Q# 0-1

[Event "*** MasterClass Titled Tuesday Blitz"]
[Site "Chess.com"]
[Date "2017.12.12"]
[Round "5"]
[White "jcibarra"]
[Black "Kaphrep"]
[Result "0-1"]
[WhiteElo "2690"]
[BlackElo "2618"]
[TimeControl "180+2"]
[EndTime "14:07:53 PST"]
[Termination "Kaphrep won by resignation"]

1. e4 e5 2. Nf3 Nc6 3. Bb5 Nf6 4.
O-O Nxe4 5. Re1 Nd6 6. Nxe5 Be7 7. Bd3 Nxe5 8. Rxe5 O-O 9. Nc3 Bf6 10. Re3 Re8 11.
Nd5 g6 12. Nxf6+ Qxf6 13. Rb1 b6 14. Rxe8+ Nxe8 15. Be4 Rb8 16. b3 Nd6 17. Bb2 Qe6 18. Bf3 Bb7 19. Bxb7 Nxb7 20. Qf3 Re8 21. g3 Qc6 22. Qxc6 dxc6 23. Kf1 Kf8 24. Re1 Rxe1+ 25. Kxe1 Ke7 26. Be5 Kd7 27. g4 c5 28. d3 Na5 29.
Kd2 Nc6 30. Bg3 Nb4 31. a3 Nd5 32. c4 Ne7 33. Ke3 Nc6 34. Ke4 Nd4 35. b4 Ne6 36. b5 Nd4 37. Ke5 Ke7 38. Bh4+ Ke8 39. Kf6 Nf3 40. Bg3 Ne1 41. Bxc7 Nxd3 42. Bb8 Nb2 43.
Bxa7 Nxc4 44. a4 Kd7 45. Bb8 Nb2 46. Kxf7 Nd3 47. f4 c4 48. Be5 g5 49. Bd4 gxf4 50.
g5 f3 51. Kg7 f2 52. Bxf2 Nxf2 53. Kxh7 c3 54. g6 Ne4 55. g7 Nf6+ 56. Kg6 Ng8 57.
Kf7 Nh6+ 58. Kg6 Ng8 59. Kf7 Ne7 60. a5 bxa5 61. g8=Q Nxg8 62. b6 Kc6 63. b7 Kxb7 64. h4 c2 65. Kxg8 c1=Q 66. h5 Qh6 67. Kf7 Qxh5+ 68. Kg7 Qc5 69. Kh7 Kc7 0-1

[Event "*** MasterClass Titled Tuesday Blitz"]
[Site "Chess.com"]
[Date "2017.12.12"]
[Round "5"]
[White "RoelandPruijssers"]
[Black "OparinGrigoriy"]
[Result "1-0"]
[WhiteElo "2482"]
[BlackElo "2660"]
[TimeControl "180+2"]
[EndTime "14:08:05 PST"]
[Termination "RoelandPruijssers won by resignation"]

1. e4 c5 2. Nf3 Nc6 3. Nc3 e5 4. Bc4 Be7 5. d3 d6 6. O-O Nf6 7. h3 O-O 8. Bg5 Kh8 9. Re1 Be6 10. a3 Ng8 11. Bd2 Qd7 12. Nd5 f5 13. b4 fxe4 14. dxe4 Nd4 15. Nxd4 cxd4 16. Bd3 Rac8 17. Rc1 Nf6 18.
Nxe7 Qxe7 19. c3 dxc3 20. Rxc3 Rxc3 21. Bxc3 Nd7 22. Qe2 Nb6 23. Bd2 Rc8 24. Be3 Kg8 25. Bxb6 axb6 26. Qd2 h6 27. Rc1 Rc7 28. Rc3 Kh7 29.
Qc2 Rxc3 30. Qxc3 Qg5 31. Bb5 Qf4 32. g3 Qf7 33. h4 Bg4 34. Bc4 Qe8 35. Bd5 Qb5 36.
Qc7 Bh3 37. Bc4 Qe8 38. Qxd6 Qc8 39. Bf7 Bg4 40. Bg6+ Kh8 41. Qxe5 Bf3 42. Kh2 Qf8 43. Qe6 Qd8 44. e5 Bc6 45. Qd6 Qg8 46. e6 Be8 47. Bxe8 Qxe8 48. e7 Qf7 49. Qd8+ Kh7 50. Qd3+ g6 51. Qe3 Qe8 52. g4 Kg7 53. Kg3 Kf7 54.
f4 b5 55. Qe5 Kg8 56. Qf6 b6 57. Kf2 Kh7 58. Qf8 Qc6 59. Qf7+ 1-0

[Event "*** MasterClass Titled Tuesday Blitz"]
[Site "Chess.com"]
[Date "2017.12.12"]
[Round "5"]
[White "jefferyx"]
[Black "gammagramma"]
[Result "1-0"]
[WhiteElo "2768"]
[BlackElo "2462"]
[TimeControl "180+2"]
[EndTime "14:08:08 PST"]
[Termination "jefferyx won by resignation"]

1. d4 d5 2. c4 e6 3. Nf3 Nf6 4. g3 Be7 5. Bg2 O-O 6. O-O dxc4 7. Qc2 a6 8. Qxc4 b5 9. Qc2 Bb7 10. Bd2 Be4 11. Qc1 Bb7 12. a3 a5 13. Rd1 Nbd7 14.
Bg5 h6 15. Bxf6 Nxf6 16. Nbd2 a4 17. b4 axb3 18. Nxb3 Be4 19. Nc5 Bxc5 20. Qxc5 Qd6 21. Qxb5 Rfb8 22. Qc5 Qxc5 23. dxc5 Ra5 24. Nd4 Rxc5 25.
Rac1 Rxc1 26. Rxc1 c5 27. Rxc5 Rb1+ 28. Bf1 Ra1 29. f3 Bb7 30. Ra5 Nd5 31. Kf2 e5 32. Nb3 Ra2 33. Nc5 Bc6 34. Nd3 e4 35. Ne5 e3+ 36.
Kg1 Bb7 37. Rb5 Nc3 38. Rxb7 Nxe2+ 39. Bxe2 Rxe2 40. Rb1 Ra2 41. Nc4 e2 42. Re1 Rc2 43. Ne3 Ra2 44. Kf2 Rxa3 45. Rxe2 g6 46. f4 h5 47. h4 Kg7 48. Rd2 f5 49. Ng2 Ra6 50. Ne1 Kh6 51. Nf3 Rb6 52. Ne5 Ra6 53. Rd3 Rb6 54.
Ke3 Ra6 55. Kd4 Rb6 56. Kc5 Ra6 57.
Rd6 Ra5+ 58. Kb6 Ra3 59. Rxg6+ Kh7 60. Rg5 Kh6 61. Kc7 Kh7 62. Rxh5+ Kg7 63. Rg5+ Kf6 64.
Rg6+ Ke7 65. h5 Rc3+ 66. Kb6 Rc1 67. h6 Rb1+ 68. Kc5 Rc1+ 69. Kd4 Rh1 70. Ke3 Kf8 71.
Kf2 Ke7 72. Kg2 Rh5 73. Rg5 Rxh6 74. Rxf5 Ra6 75. g4 Ra3 76. g5 Ke6 77. Rf6+ Kd5 78. g6 Ke4 79. g7 Ra2+ 80. Kg3 Ra1 81. Ng4 Rg1+ 82. Kh4 Kf3 83. g8=Q Rg2 84. Ne5+ Ke3 1-0

[Event "*** MasterClass Titled Tuesday Blitz"]
[Site "Chess.com"]
[Date "2017.12.12"]
[Round "5"]
[White "Annawel"]
[Black "GrigorGrigorov"]
[Result "0-1"]
[WhiteElo "2733"]
[BlackElo "2588"]
[TimeControl "180+2"]
[EndTime "14:08:11 PST"]
[Termination "GrigorGrigorov won by checkmate"]

1. d4 Nf6 2. Nf3 e6 3. c3 d5 4.
Bf4 Bd6 5. Bg3 O-O 6. e3 c5 7. Nbd2 b6 8. Bd3 Ba6 9. Bxa6 Nxa6 10. Ne5 Qc7 11. O-O Nb8 12. f4 Nc6 13. Qf3 Ne7 14. Bh4 Nd7 15. Bxe7 Bxe7 16. Qh3 Rae8 17. Rf3 Nxe5 18. fxe5 f5 19. Raf1 Rf7 20. g4 g6 21.
gxf5 Rxf5 22. Rxf5 gxf5 23. Kf2 Kh8 24. Rg1 Qc8 25.
Nf3 Rg8 26. Rxg8+ Qxg8 27. Qf1 Qg4 28. h3 Qe4 29. Qe2 c4 30. Kf1 b5 31. Kf2 a5 32.
Kf1 b4 33. Kf2 Kg7 34. Kf1 Kf7 35. Kf2 Ke8 36. Qd1 Kf7 37. Qe2 h6 38. Qd1 f4 39.
exf4 Qxf4 40. Qe2 Bh4+ 41. Kf1 Bg3 42. Kg2 Bh4 43. Kf1 Be7 44. Kg2 b3 45. axb3 cxb3 46. Qd3 Qc1 47. Qe2 a4 48. Ne1 Ke8 49. Nd3 Qc2 50. Kf3 a3 51. bxa3 Bxa3 52. Qe3 b2 53. Nxb2 Bxb2 54. Qxh6 Qxc3+ 55. Kg2 Qc2+ 56. Kf1 Qf5+ 57.
Kg2 Bxd4 58. Qh8+ Kf7 59. Qd8 Qf2+ 60. Kh1 Qg1# 0-1

[Event "*** MasterClass Titled Tuesday Blitz"]
[Site "Chess.com"]
[Date "2017.12.12"]
[Round "5"]
[White "ENEASZ"]
[Black "Mykola-Bortnyk"]
[Result "0-1"]
[WhiteElo "2417"]
[BlackElo "2682"]
[TimeControl "180+2"]
[EndTime "14:08:12 PST"]
[Termination "Mykola-Bortnyk won by checkmate"]

1. e4 Nf6 2. e5 Nd5 3. c4 Nb6 4. d4 d6 5. exd6 exd6 6. Nc3 Be7 7. Bd3 O-O 8. Nge2 Bf6 9. Be3 Re8 10. O-O Nc6 11. b3 Bg4 12. Qd2 d5 13. c5 Nc8 14. h3 Bxe2 15. Nxe2 N8e7 16. b4 a6 17. a4 Ng6 18. b5 Nce7 19. bxa6 bxa6 20. Rab1 Qd7 21. Qc2 Nh4 22. Ng3 Nc6 23. Bxh7+ Kh8 24. Nf5 Ng6 25. Bxg6 fxg6 26. Ng3 Kh7 27. Qd3 a5 28.
Rb5 Nb4 29. Qd2 c6 30. Rxa5 Rxa5 31. Qxb4 Rea8 32. Ra1 Qa7 33. Kh2 Rxa4 34. Rxa4 Qxa4 35. Qb7 Rf8 36. Qd7 Qa6 37. Qd6 Qc8 38. Qf4 Qe6 39. Qf3 Be7 40. Qg4 Qxg4 41. hxg4 Ra8 42. Ne2 Kg8 43. g5 Kf7 44. Kg3 Ke6 45. Kg4 Ra4 46. Nf4+ Kf7 47. Nd3 Ke6 48. Ne5 Bxc5 49. Nxc6 Kd6 50.
Ne5 Bxd4 51. Bxd4 Rxd4+ 52. f4 Rd2 53. Kf3 Kc5 54. Nxg6 d4 55. f5 Rd3+ 56. Kf4 Rd1 57. Ne5 Kd5 58. g4 Rf1+ 59. Nf3 Ra1 60. f6 Ra7 61. fxg7 Rf7+ 62. Kg3 Rxg7 63. Kf4 Rf7+ 64. Kg3 Ke4 65. Nh4 d3 66. Nf5 Rxf5 67. gxf5 d2 68. g6 d1=Q 69. g7 Qg1+ 70. Kh4 Kf4 71. f6 Qh1# 0-1

[Event "*** MasterClass Titled Tuesday Blitz"]
[Site "Chess.com"]
[Date "2017.12.12"]
[Round "5"]
[White "chidori_boruto"]
[Black "Vincent_Vega95"]
[Result "0-1"]
[WhiteElo "2517"]
[BlackElo "2572"]
[TimeControl "180+2"]
[EndTime "14:08:13 PST"]
[Termination "Vincent_Vega95 won on time"]

1. e4 c5 2. Nf3 d6 3. Bb5+ Bd7 4.
Bxd7+ Qxd7 5. O-O Nf6 6. Re1 Nc6 7. c3 e6 8. d4 cxd4 9. cxd4 d5 10. e5 Ne4 11. Nbd2 Nxd2 12. Bxd2 Be7 13. Rc1 O-O 14. h4 f5 15. exf6 Bxf6 16. Bg5 h6 17. Bxf6 Rxf6 18.
Rc3 Raf8 19. Rce3 Qd6 20. Qe2 Qf4 21. Rxe6 Nxd4 22. Nxd4 Qxd4 23. Rxf6 Qxf6 24. g3 d4 25. Qe6+ Qxe6 26. Rxe6 Rd8 27. Kf1 Kf7 28. Re4 d3 29. Ke1 Rc8 30. Rd4 Rc1+ 31. Kd2 Rc2+ 32. Kxd3 Rxb2 33.
Ra4 a6 34. Ke3 Ke6 35. f3 Kd5 36. g4 Kc5 37. g5 hxg5 38. hxg5 Kd6 39. Kf4 Ke6 40.
Re4+ Kf7 41. Rc4 Kg6 42. a4 a5 43. Ke5 Rb4 44. Rc7 b5 45. f4 bxa4 46. f5+ Kxg5 47. Rxg7+ Kh6 48. Ra7 Rb5+ 49. Ke6 a3 50. f6 a2 51. f7 Kg7 52. Ra8 Rb6+ 53. Kd5 Kxf7 54. Rxa5 Rb5+ 55. Rxb5 a1=Q 56. Rb7+ Kf6 57. Rb6+ Kf5 58.
Rc6 Qd1+ 59. Kc5 Ke5 60. Kb5 Qb3+ 61. Ka6 Kd5 62. Rb6 Qa4+ 63. Kb7 Kc5 64. Ra6 Qd7+ 65. Ka8 Kb5 66. Ra3 Qe8+ 67. Kb7 Qe7+ 0-1

[Event "*** MasterClass Titled Tuesday Blitz"]
[Site "Chess.com"]
[Date "2017.12.12"]
[Round "5"]
[White "chessking2151"]
[Black "ChristopherYoo"]
[Result "1-0"]
[WhiteElo "2366"]
[BlackElo "2258"]
[TimeControl "180+2"]
[EndTime "14:08:19 PST"]
[Termination "chessking2151 won by checkmate"]

1. e4 c5 2. Nf3 d6 3. d4 cxd4 4. Nxd4 Nf6 5. Nc3 a6 6. Be3 e5 7.
Nb3 Be6 8. f3 Be7 9. Qd2 O-O 10.
O-O-O Nbd7 11. g4 b5 12. g5 b4 13. gxf6 bxc3 14. Qxc3 Nxf6 15. Na5 Rc8 16. Nc6 Qc7 17. Nxe7+ Qxe7 18. Qa5 Rc6 19. Rg1 Rfc8 20. Kb1 Nh5 21.
Rg2 Qf6 22. Rf2 Nf4 23. b3 Ng6 24. c4 Qh4 25. Rfd2 Qh5 26. Be2 Qxh2 27. c5 Qh4 28. Rxd6 Rxd6 29. Rxd6 h6 30. c6 Qh1+ 31. Rd1 Qg2 32.
Rd8+ Kh7 33. Rxc8 Qxe2 34. Rd8 Qxe3 35. c7 Qg1+ 36. Kb2 Qf2+ 37. Ka3 Qxf3 38. Qxa6 Qc3 39.
Qxe6 Qc1+ 40. Ka4 fxe6 41. c8=Q Qe1 42. Qc4 Nf4 43. b4 Qf2 44. Rd7 h5 45. b5 h4 46.
a3 h3 47. Qc7 Qg2 48. b6 h2 49. Rd1 h1=Q 50. Rxh1+ Qxh1 51. b7 Qxe4+ 52. Kb5 Qb1+ 53.
Kc6 Nd5 54. Qd8 Qc2+ 55. Kd6 Nf4 56. Qh4+ Kg6 57. Qg4+ Kf7 58. b8=Q Qd3+ 59. Kc7 Qc4+ 60. Kb7 Qb3+ 61. Kc8 Qxa3 62. Qc7+ Ke8 63. Qd7+ Kf8 64. Qgxg7# 1-0

[Event "*** MasterClass Titled Tuesday Blitz"]
[Site "Chess.com"]
[Date "2017.12.12"]
[Round "5"]
[White "platy3"]
[Black "GMAkobianSTL"]
[Result "1/2-1/2"]
[WhiteElo "2597"]
[BlackElo "2666"]
[TimeControl "180+2"]
[EndTime "14:08:30 PST"]
[Termination "Game drawn - insufficient material"]

1. e4 e6 2. d4 d5 3. Nc3 Bb4 4. e5 c5 5. a3 Bxc3+ 6. bxc3 Ne7 7. Qg4 Kf8 8. Nf3 Qc7 9. Bd2 cxd4 10. cxd4 Qxc2 11.
Rc1 Qe4+ 12. Qxe4 dxe4 13. Ng5 Nbc6 14. Nxe4 Nxd4 15. Bb4 Nc6 16. Bd6 h6 17. Bb5 Kg8 18. O-O a6 19. Bd3 Nf5 20. Rfd1 Nfd4 21. Bf1 Kh7 22.
Rc4 Nf5 23. Bc7 Rf8 24. g4 Nfe7 25. Bd6 Rd8 26. Bd3 Kg8 27. Nc5 Nd5 28. Be4 b6 29.
Nxe6 Bxe6 30. Rxc6 Nf4 31. f3 Rac8 32. Rxb6 Ne2+ 33.
Kf2 Nc3 34. Re1 Nxe4+ 35. Rxe4 Rc2+ 36. Kg3 a5 37. Rb8 Rxb8 38. Bxb8 Rc3 39. Ra4 Bd5 40. Kf2 Rxf3+ 41. Ke2 Rh3 42. Rxa5 Rxh2+ 43. Ke3 Be6 44. Ra4 Rh3+ 45. Kf2 g5 46. Bd6 Kg7 47. Be7 Rh4 48. Bf6+ Kg6 49. Kg3 Kh7 50. Rb4 h5 51.
gxh5 Rxb4 52. axb4 Kh6 53. b5 Kxh5 54. b6 Bd5 55.
Kf2 Kg4 56. Ke3 Kf5 57. Kd4 Ba8 58. Kc5 g4 59. Kd6 g3 60. Bh4 Kg4 61. Bxg3 Kxg3 62.
Ke7 Kf4 63. Kxf7 Kxe5 64. b7 Bxb7 1/2-1/2

[Event "*** MasterClass Titled Tuesday Blitz"]
[Site "Chess.com"]
[Date "2017.12.12"]
[Round "5"]
[White "aspired"]
[Black "JSPrepz"]
[Result "0-1"]
[WhiteElo "2517"]
[BlackElo "2724"]
[TimeControl "180+2"]
[EndTime "14:08:32 PST"]
[Termination "JSPrepz won by resignation"]

1. e4 e5 2. Nf3 Nc6 3. Nc3 Nf6 4. d4 exd4 5. Nxd4 Bb4 6. Nxc6 bxc6 7. Bd3 O-O 8. O-O d5 9. exd5 cxd5 10. h3 Re8 11.
Qf3 c6 12. Bf4 Bd6 13. Rad1 Rb8 14. b3 Qc7 15. Bxd6 Qxd6 16. Ne2 Bd7 17. c4 Qa3 18. cxd5 cxd5 19. Bb1 Bb5 20. Rfe1 Qa5 21. Qc3 Qb6 22. Nd4 Bd7 23. Nf3 Rbc8 24. Qd4 Qa5 25. Rxe8+ Rxe8 26. Qd2 Qb6 27. Nd4 a5 28. Nf5 a4 29. Qg5 Bxf5 30. Qxf5 axb3 31. axb3 Qxb3 32. Bc2 Qc3 33. Kf1 g6 34. Qd3 Qb4 35. Qd2 Qc5 36. Bd3 Kg7 37. Qb2 Re6 38. Rc1 Qa5 39. Qc3 Qa2 40.
Rd1 Qa4 41. Bc2 Qb5+ 42. Bd3 Qb8 43. Kg1 h5 44. Qd4 Qb3 45. Bf1 Re4 46. Qd2 Qb8 47. g3 Qe5 48. Bg2 Re2 49. Qd3 Re1+ 50. Bf1 Rxd1 51.
Qxd1 Ne4 52. Bd3 Nc3 53. Qc2 d4 54. h4 Qe1+ 55. Kg2 Qe5 56. Qd2 Qd5+ 57. Kg1 Qe5 58. Qc2 Nd5 59. Qd1 Nf6 60. Qf3 Ng4 61. Bc4 Qe1+ 62.
Kg2 Qe7 63. Qd5 Qf6 64. Qxf7+ Qxf7 65. Bxf7 Kxf7 66. f3 Ne3+ 67. Kf2 Kf6 68. Ke2 Ke5 69.
Kd3 Kd5 70. f4 Nf5 0-1

[Event "*** MasterClass Titled Tuesday Blitz"]
[Site "Chess.com"]
[Date "2017.12.12"]
[Round "5"]
[White "Vahe_Dan"]
[Black "ShimanovAlex"]
[Result "1-0"]
[WhiteElo "2566"]
[BlackElo "2651"]
[TimeControl "180+2"]
[EndTime "14:08:45 PST"]
[Termination "Vahe_Dan won by resignation"]

1. e4 c6 2. Nc3 d5 3. Nf3 dxe4 4. Nxe4 Nf6 5. Ng3 c5 6. Bc4 e6 7.
O-O Nc6 8. b3 Be7 9. Bb2 O-O 10.
Re1 b6 11. d4 cxd4 12. Nxd4 Nxd4 13. Qxd4 Qxd4 14. Bxd4 Bb7 15. Nf5 Ba3 16. Nh6+ Kh8 17. Rad1 Bc6 18. h3 Be7 19. Nf5 Ba3 20. Nh6 Rad8 21.
Ng4 Nxg4 22. hxg4 Kg8 23. Bc3 Be7 24. a4 Rfe8 25. Kf1 Kf8 26. f3 Rc8 27. Bd4 Red8 28. a5 b5 29. Be2 Bb4 30. Bxa7 Bxa5 31. Bc5+ Ke8 32. b4 Bc7 33. c4 bxc4 34. Bxc4 Rb8 35. Ke2 Bb6 36. Rxd8+ Kxd8 37. Rd1+ Ke8 38. Rd6 Bxc5 39.
bxc5 Ba4 40. Ke3 Rc8 41. Ra6 Bd7 42. Ra5 Ke7 43. Kd4 Rc7 44. Bd3 h6 45. Be4 Be8 46. f4 Bd7 47. g3 Be8 48. Kc4 Bd7 49. Ra8 e5 50. fxe5 Bxg4 51. c6 f6 52. exf6+ Kxf6 53. Kc5 Re7 54. Rf8+ Kg5 55. Bd5 Re1 56. c7 Rc1+ 57.
Kd6 h5 58. Rf4 Bc8 59. Rf8 Bg4 60. Rf7 g6 61. Rf4 Bc8 62. Rd4 Bf5 63. Bc6 Bc8 64. Bd7 Bb7 65. Rb4 Rd1+ 66. Ke7 Ba6 67. Ra4 Rc1 68. Kd8 Bb7 69. Rb4 Ba6 70. Rb6 Bd3 71. c8=Q Rxc8+ 72. Kxc8 Bf5 73. Bxf5 gxf5 74. Rb4 1-0

[Event "*** MasterClass Titled Tuesday Blitz"]
[Site "Chess.com"]
[Date "2017.12.12"]
[Round "5"]
[White "MFBerna"]
[Black "xamax2000"]
[Result "0-1"]
[WhiteElo "2269"]
[BlackElo "2262"]
[TimeControl "180+2"]
[EndTime "14:08:46 PST"]
[Termination "xamax2000 won by resignation"]

1. e4 c5 2. Nf3 d6 3. Bc4 Nf6 4. d3 e6 5. a3 Nc6 6. O-O Be7 7.
Nc3 O-O 8. Ba2 Bd7 9. Ne2 b5 10. Ng3 a5 11. c3 a4 12. d4 Qc7 13. Re1 c4 14. h3 Na5 15. Be3 Bc6 16. Bf4 Nb3 17.
Bxb3 axb3 18. e5 Nd5 19. exd6 Bxd6 20. Bxd6 Qxd6 21. Ne4 Qe7 22. Ne5 Rac8 23. Qf3 Ba8 24. Qg3 f6 25. Nf3 Rfe8 26. Nd6 Kh8 27. Re2 g5 28.
Nxc8 Rxc8 29. Rae1 Nf4 30. Re3 Bd5 31. h4 h6 32. Qh2 Kg7 33. g3 Nd3 34. R1e2 Nxb2 35. Rxb2 Qxa3 36. Rb1 Qa2 37. Rd1 Qc2 38. Rd2 Qf5 39.
hxg5 hxg5 40. g4 Qxg4+ 41. Qg3 Qxg3+ 42. fxg3 Ra8 43. Ne1 Ra1 44. Kf2 f5 45. Ree2 Kf6 46.
Nf3 Be4 47. Ne5 Rc1 48. Nd7+ Kf7 49. Ne5+ Kg7 50. Rb2 Bc2 51. Nc6 Kf6 52. Nb4 Be4 53. Ke3 Rxc3+ 54. Kd2 Rxg3 55. Kc1 Rg1+ 56. Kd2 g4 57. d5 exd5 58. Kc3 Ke5 59. Nc6+ Kd6 60. Nd4 g3 61. Nxb5+ Kc5 62. Nd4 g2 63. Rxg2 Bxg2 64. Ne6+ Kd6 65. Nd4 Be4 66. Nb5+ Kc5 67. Nc7 Rg3+ 68.
Kd2 c3+ 69. Ke1 cxb2 70. Na6+ Kc4 71. Kd2 b1=Q 0-1

[Event "*** MasterClass Titled Tuesday Blitz"]
[Site "Chess.com"]
[Date "2017.12.12"]
[Round "5"]
[White "Veiso"]
[Black "marreta84"]
[Result "1-0"]
[WhiteElo "2226"]
[BlackElo "2305"]
[TimeControl "180+2"]
[EndTime "14:08:47 PST"]
[Termination "Veiso won by resignation"]

1. d4 Nf6 2. Nf3 d6 3. c4 Nbd7 4. Nc3 e5 5. e4 Be7 6. Be2 O-O 7. O-O c6 8. d5 cxd5 9. cxd5 a6 10. a4 Ne8 11.
Nd2 Bg5 12. Nc4 Bxc1 13. Qxc1 g6 14. b4 Ng7 15. Nxd6 Qb6 16. Nxc8 Raxc8 17. Qa3 f5 18. Rfd1 fxe4 19. Nxe4 Nf5 20. a5 Qd8 21. Nc5 Nd4 22.
Rxd4 exd4 23. Ne6 Qe7 24. Nxf8 Rxf8 25. Bc4 Kg7 26. Qb2 Qe5 27. Rd1 Rc8 28. Qxd4 Qxd4 29. Rxd4 Ne5 30. Be2 Kf8 31. f4 Nf7 32.
Bg4 Rc1+ 33. Kf2 Nd6 34. Be6 Rc2+ 35. Kg3 Ke7 36. Kh3 Rc3+ 37. g3 Rc2 38. Rd3 h5 39. Re3 Kf6 40. g4 hxg4+ 41. Bxg4 Nc4 42. Re6+ Kg7 43. d6 Rd2 44. Re7+ Kf6 45. Re6+ Kg7 46.
d7 Rxd7 47. Rxg6+ Kxg6 48. Bxd7 Ne3 49. Bc8 Nd5 50. Bxb7 Nxb4 51. Kg4 Kf6 52. h4 Kg6 53. h5+ Kh6 54. f5 Nd3 55. Bxa6 Ne5+ 56. Kf4 Nc6 57. f6 Nxa5 58. Kf5 Nc6 59. Ke6 Nd4+ 60. Kd5 Nf5 61. Bd3 Ng7 62. f7 Ne6 63. Kxe6 Kg7 64. Ke7 Kh6 65. f8=Q+ 1-0